 Dungeon Crawl Stone Soup version 0.21.1-1-g345015f (webtiles) character file.

98 Falco the Skirmisher (level 4, -1/44 HPs)
             Began as a Naga Berserker on May 4, 2018.
             Was a Believer of Trog.
             Slain by a worm (7 damage)
             ... on level 2 of the Dungeon.
             The game lasted 00:11:07 (1475 turns).

Falco the Skirmisher (Naga Berserker)               Turns: 1475, Time: 00:11:08

Health: -1/44      AC:  3    Str: 20    XL:     4   Next: 71%
Magic:  4/4        EV: 10    Int:  7    God:    Trog [**....]
Gold:   8          SH:  0    Dex:  9    Spells: 3/3 levels left

rFire    . . .     SeeInvis +   l - +3 dagger
rCold    . . .     Gourm    .   (no shield)
rNeg     . . .     Faith    .   b - +0 animal skin
rPois    +         Spirit   .   (no helmet)
rElec    .         Reflect  .   (no cloak)
rCorr    .         Harm     .   d - +0 pair of gloves
MR       ++...                  (no barding)
Stlth    +.........             (no amulet)
HPRegen  1.14/turn              (no ring)
MPRegen  0.09/turn              (no ring)

@: berserk cooldown, regenerating, slowed, very slow
A: large, stinger 1, see invisible, clumsy 1, deformed body, poison resistance,
slowness 2, slow metabolism 1, spit poison 1, no potion heal 1, sturdy frame 1,
AC +1
a: Spit Poison, Berserk, Trog's Hand, Burn Spellbooks, Renounce Religion


You were on level 2 of the Dungeon.
You worshipped Trog.
Trog was pleased with you.
You were not hungry.

You visited 1 branch of the dungeon, and saw 3 of its levels.

You collected 8 gold pieces.

Inventory:

Hand Weapons
 a - a +0 hand axe
 l - a +3 dagger (weapon)
Armour
 b - a +0 animal skin (worn)
 d - a +0 pair of gloves (worn)
Jewellery
 f - an uncursed ring of protection from magic {unknown}
Scrolls
 h - a scroll of magic mapping
 j - a scroll of amnesia {unknown}
 k - a scroll of immolation {unknown}
Potions
 m - a potion of mutation
Comestibles
 c - 3 rations


   Skills:
 + Level 3.9 Fighting
 * Level 1.2 Short Blades
 - Level 3.3 Axes
 + Level 1.8 Armour
 + Level 2.4 Dodging
 + Level 1.0 Stealth


You had 3 spell levels left.
You didn't know any spells.

Dungeon Overview and Level Annotations

Branches:
Dungeon (3/15)

Altars:
Nemelex Xobeh


Innate Abilities, Weirdness & Mutations

You cannot wear boots.
Your serpentine skin is tough. (AC +1)
You have supernaturally acute eyesight. (SInv)
Armour fits poorly on your strangely shaped body.
Your system is resistant to poisons. (rPois)
You cover ground very slowly.
You have a slow metabolism.
You can spit poison.
Your tail ends in a poisonous barb.
You are clumsy. (Dex -2)
Potions are less effective at restoring your health.
Your movements are slightly less encumbered by armour. (ER -2)


Message History

Aim: a worm The splash of poison hits Robin.
Robin is poisoned.
Robin is severely wounded.
You feel slightly more hungry. Robin hits you but does no damage. x2
You have got your breath back.
Robin hits you with a dagger.
* * * LOW HITPOINT WARNING * * *
Items here: )))) †††† You kill Robin!
Trog accepts your kill.
Items here: )) †† a club x2; a goblin corpse x2
You see here a viscous golden potion.
The worm bites you.
* * * LOW HITPOINT WARNING * * *
Your skin crawls.
You feel resistant to hostile enchantments.
You feel somewhat more hungry. The worm bites you!
You die...

#.........#
##......#.#
####...#.# #..##.#
#..##.# #..##.#
#######..##.#
............# #
#####@.#### #.#.##
#####w†#
#.....######......#
#...))))!..###.##
###.######## #.#
... #.# ###. #.# g#
..# # ###


You could see a worm.

Vanquished Creatures
  A worker ant (D:2)
  Robin (D:2)
  A gnoll (D:1)
  An adder (D:2)
  6 bats (D:1)
  2 giant cockroaches
  15 goblins
  8 hobgoblins
  A frilled lizard (D:3)
  2 kobolds (D:1)
  5 rats
43 creatures vanquished.

Notes
Turn   | Place    | Note
-------+----------+-------------------------------------------
     0 | D:1      | Falco the Naga Berserker began the quest for the Orb.
     0 | D:1      | Reached XP level 1. HP: 21/21 MP: 1/1
   267 | D:1      | Reached XP level 2. HP: 28/28 MP: 2/2
   885 | D:1      | Reached XP level 3. HP: 30/34 MP: 3/3
  1125 | D:2      | Found a sparkling altar of Nemelex Xobeh.
  1142 | D:2      | Gained mutation: You are clumsy. (Dex -2) [potion of mutation]
  1142 | D:2      | Gained mutation: Potions are less effective at restoring your health. [potion of mutation]
  1142 | D:2      | Gained mutation: Your movements are slightly less encumbered by armour. (ER -2) [potion of mutation]
  1142 | D:2      | Gained mutation: Your tail ends in a poisonous barb. [potion of mutation]
  1142 | D:2      | Reached XP level 4. HP: 5/44 MP: 4/4
  1426 | D:2      | Reached skill level 1 in Short Blades
  1446 | D:2      | Reached ** piety under Trog
  1451 | D:2      | Reached skill level 1 in Stealth
  1452 | D:2      | Noticed Robin
  1466 | D:2      | Killed Robin
  1473 | D:2      | HP: 2/44 [worm (3)]
  1475 | D:2      | Slain by a worm

Skill      XL: |  1  2  3  4 |
---------------+-------------+-----
Dodging        | 2 |  2.4
Short Blades   | 1 |  1.2
Stealth        | 1 |  1.0
Fighting       | |  3.9
Axes           | |  3.3
Armour         | |  1.8

Action                   |  1- 3 |  4- 6 || total
-------------------------+-------+-------++-------
Melee: Hand axe          |    57 |       ||    57
       Dagger            |    13 |    38 ||    51
       Tailslap          |       |     2 ||     2
Invok: Berserk           |     4 |     1 ||     5
       Trog's Hand       |       |     1 ||     1
 Abil: Spit Poison       |     6 |     1 ||     7
  Use: Scroll            |     3 |       ||     3
       Potion            |     1 |     1 ||     2
 Stab: Sleeping          |     1 |       ||     1
  Eat: Ration            |     1 |     1 ||     2
Armor: Animal skin       |    36 |     8 ||    44
Dodge: Dodged            |    63 |    16 ||    79
